 Dungeon Crawl Stone Soup version 0.18-a0-1211-g828307d (webtiles) character file.

200140 Lathuz the Executioner (level 17, -2/168 HPs)
             Began as a Minotaur Berserker on Feb 2, 2016.
             Was a High Priest of Trog.
             Slain by the 27-headed Lernaean hydra (3 damage)
             ... on level 4 of the Swamp.
             The game lasted 01:30:18 (36969 turns).

Lathuz the Executioner (Minotaur Berserker)        Turns: 36969, Time: 01:30:18

Health: -2/168     AC: 36    Str: 23    XL:     17   Next: 87%
Magic:  5/5        EV: 18    Int:  4    God:    Trog [*****.]
Gold:   2575       SH:  0    Dex: 19    Spells: 0 memorised, 16 levels left

rFire  . . .     SeeInvis .     i - +8 executioner's axe (antimagic)
rCold  + . .     Gourm    .     g - +0 plate armour {rC+}
rNeg   . . .     Faith    .     (shield currently unavailable)
rPois  +         Spirit   .     O - +2 hat
rElec  .         Dismiss  .     c - +1 cloak {MR+}
rCorr  .         Reflect  .     J - +2 pair of gloves
SustAt .         Harm     .     E - +0 pair of boots
MR     ++...                    (no amulet)
Stlth  ..........               y - +5 ring of evasion
                                n - ring of the Eagle {+Fly rPois Dex+4 Slay+3}

@: exhausted, slowed, very slow, very resistant to hostile enchantments,
extremely unstealthy
A: retaliatory headbutt, horns 2, iridescent scales 1, rough black scales 1
a: Berserk, Trog's Hand, Brothers in Arms, Burn Spellbooks, Renounce Religion,
Evoke Flight
}: 1/15 runes: gossamer


You were on level 4 of the Swamp.
You worshipped Trog.
Trog was extremely pleased with you.
You were very hungry.

You visited 5 branches of the dungeon, and saw 31 of its levels.
You also visited: Ice Cave.

You collected 2822 gold pieces.
You spent 247 gold pieces at shops.

Inventory:

Hand Weapons
 i - a +8 antimagic executioner's axe (weapon)
Missiles
 f - 666 stones (quivered)
Armour
 c - a +1 cloak of magic resistance (worn)
 g - a +0 plate armour of cold resistance (worn)
 E - a +0 pair of boots (worn)
 J - a +2 pair of gloves (worn)
 O - a +2 hat (worn)
Jewellery
 n - the ring of the Eagle (left hand) {+Fly rPois Dex+4 Slay+3}
   (You found it on level 1 of the Spider Nest)

   [ring of poison resistance]

   It affects your dexterity (+4).
   It affects your accuracy and damage with ranged weapons and melee attacks
   (+3).
   It protects you from poison.
   It lets you fly.
 t - an uncursed ring of protection from fire
 y - a +5 ring of evasion (right hand)
 D - a +2 ring of strength
 N - an uncursed ring of protection from fire
 Y - an uncursed amulet of the gourmand
Wands
 h - a wand of paralysis (3/24)
 j - a wand of disintegration (9/24)
 k - a wand of enslavement (2/24)
 m - a wand of polymorph (16/24)
 q - a wand of enslavement (15/24)
 u - a wand of paralysis (12/24)
 B - a wand of disintegration (12/24)
 M - a wand of enslavement (11/24)
 W - a wand of digging (17/24)
Scrolls
 d - 6 scrolls of magic mapping
 e - a scroll of fog
 r - 6 scrolls of recharging
 s - 11 scrolls of remove curse
 w - a scroll of identify
 z - 9 scrolls of teleportation
 C - 5 scrolls of enchant armour
 F - 2 scrolls of blinking
 G - a scroll of summoning
 V - 2 scrolls of fear
 X - a scroll of holy word
Potions
 a - 2 potions of poison
 b - 4 potions of might
 l - 5 potions of haste
 o - a potion of magic
 p - 2 potions of cancellation {unknown}
 v - 2 potions of cure mutation
 x - 13 potions of flight
 A - 7 potions of agility
 H - 4 potions of heal wounds
 I - 4 potions of ambrosia
 K - 3 potions of resistance
 P - 11 potions of curing
 S - 4 potions of lignification
 T - 2 potions of berserk rage
Comestibles
 L - 4 slices of pizza
 Q - 10 meat rations
 Z - 11 fruits


   Skills:
 + Level 19.3 Fighting
 * Level 24.0 Axes
 + Level 18.0 Armour
 - Level 7.8 Dodging


You had 16 spell levels left.
You didn't know any spells.

Dungeon Overview and Level Annotations

Branches:
Dungeon (13/15)            Temple (0/1) D:6            Lair (8/8) D:11
  Swamp (4/4) Lair:3       Spider (4/4) Lair:6        Slime (0/6) Lair:6
    Orc (2/2) D:12            Elf (0/3) Orc:2        Vaults (0/5) D:13

Altars:
Cheibriados
Elyvilon
Fedhas
Kikubaaqudgha
Makhleb
Nemelex Xobeh
Okawaru
Pakellas
Qazlal
Sif Muna
Trog
Vehumet
Xom
Zin
Jiyva

Shops:
D:4 :   D:10 ?   Orc:2 **:([

Annotations:
D:8 Maurice
Lair:2 exclusion: oklob plant
Swamp:4 Lernaean hydra


Innate Abilities, Weirdness & Mutations

You reflexively headbutt those who attack you in melee.
You have a pair of horns on your head.
You are partially covered in iridescent scales (AC +4).
You are partially covered in rough black scales (AC +4, Dex -1).


Message History

The five-headed hydra bites you.
* * * LOW HITPOINT WARNING * * *
The five-headed hydra bites you but does no damage. x2
The five-headed hydra bites you.
* * * LOW HITPOINT WARNING * * *
The spriggan druid completely misses you.
The 27-headed Lernaean hydra bites you but does no damage. x3
The 27-headed Lernaean hydra bites you!
* * * LOW HITPOINT WARNING * * *
The 27-headed Lernaean hydra bites you but does no damage. x3
The 27-headed Lernaean hydra bites you!
* * * LOW HITPOINT WARNING * * *
The 27-headed Lernaean hydra bites you but does no damage. x3
The 27-headed Lernaean hydra misses you.
The 27-headed Lernaean hydra completely misses you.
The 27-headed Lernaean hydra bites you but does no damage. x6
The 27-headed Lernaean hydra bites you.
* * * LOW HITPOINT WARNING * * *
The 27-headed Lernaean hydra bites you.
You die...

≈≈♣≈≈≈≈≈≈.≈.≈≈≈≈♣♣♣♣♣♣...♣.≈...≈≈
♣♣♣♣♣.≈≈≈≈..≈≈≈≈..≈.....≈♣♣...≈≈≈
♣.≈≈≈≈≈...≈♣♣≈≈≈≈≈≈≈......≈≈≈ ♣
♣.≈≈≈≈§≈≈.≈♣♣.≈≈≈≈≈≈..≈≈≈..≈≈ ♣♣♣
♣♣♣.≈≈≈≈≈≈≈♣♣♣♣♣≈♣♣♣≈....≈...
≈.♣♣♣♣♣.≈≈≈≈≈≈.♣♣♣♣♣♣..≈≈≈.♣♣♣♣♣♣
.≈≈≈.≈).≈≈≈♣≈≈≈..≈♣♣♣.≈≈≈≈.♣♣≈.≈≈
♣...≈)≈≈≈≈≈≈≈≈≈≈≈.^♣♣≈≈≈≈.≈§♣♣.≈≈
♣..≈≈)≈≈≈≈≈≈≈≈≈≈@≈≈♣♣≈.≈≈..≈♣♣♣.≈
♣.≈≈≈≈≈...§≈≈..DDi♣♣♣♣♣≈≈♣♣♣♣ ♣♣♣
♣≈.≈≈..≈..≈≈≈≈.§nk♣♣ ♣♣♣♣ ♣≈
♣♣.≈.♣.≈≈≈≈≈≈.≈kn≈.♣♣♣ ♣≈≈
♣♣♣♣♣..≈≈≈≈≈≈♣≈≈≈.n≈♣ ...<
♣♣♣♣..§≈♣♣♣≈†††.♣ ..≈≈ ♣♣♣♣♣♣
♣♣†≈.≈..≈. ≈≈....≈§≈≈ ##..#.#+#..


You could see the 27-headed Lernaean hydra, a five-headed hydra, a spriggan
druid, 3 bog bodies and 2 swamp drakes.

Vanquished Creatures
  A tentacled monstrosity (Swamp:2)
  An Ice Fiend (IceCv)
  Frances (Swamp:1)
  Kirke (D:13)
  Gastronok (Lair:2)
  3 thorn hunters
  Donald (Swamp:4)
  3 ghost moths (Spider:4)
  2 emperor scorpions (Spider:2)
  A very ugly thing (Swamp:3)
  2 spark wasps
  3 vault guards (D:13)
  A fire dragon (Lair:8)
  4 entropy weavers
  19 hydras
  A ghost crab (Swamp:1)
  2 centaur warriors
  5 alligators
  2 orc high priests (Orc:2)
  Urug (D:10)
  A wizard (D:13)
  2 spriggan druids
  7 swamp dragons
  2 unseen horrors
  Pikel (D:4)
  A shambling mangrove (Swamp:2)
  2 necromancers (D:13)
  3 orc knights
  13 orb spiders
  6 hill giants
  20 wolf spiders
  3 griffons
  An orc sorcerer (Orc:2)
  5 hornets
  A manticore (D:11)
  2 centaur zombies
  2 moths of wrath
  4 ugly things
  12 elephants
  11 black mambas
  3 torpor snails (Lair:5)
  2 gargoyles
  20 spiny frogs
  An ice statue (IceCv)
  A kobold demonologist (D:11)
  10 komodo dragons
  An efreet (D:13)
  6 yaktaurs (D:13)
  11 demonic crawlers
  7 anaconda simulacra (IceCv)
  7 ice devils (IceCv)
  5 freezing wraiths (IceCv)
  2 fire drakes (Lair:8)
  29 jumping spiders
  7 polar bears (Lair:1)
  2 golden dragon simulacra (IceCv)
  19 blink frogs
  A troll (D:13)
  3 two-headed ogres
  2 giant leeches (Swamp:1)
  6 slime creatures (Swamp:1)
  9 bog bodies
  3 boulder beetles
  88 redbacks
  4 shadows
  9 spriggans
  A wyvern (Lair:3)
  5 dire elephant simulacra (IceCv)
  28 tarantellas
  4 wraiths
  19 humans
  5 basilisks
  43 yaks
  2 hungry ghosts
  Grum (D:11)
  3 steam dragons (Lair:8)
  5 hogs
  8 vampire mosquitoes
  3 harpy simulacra (IceCv)
  14 hippogriffs
  16 wolves
  7 wargs
  6 insubstantial wisps (Swamp:1)
  A mottled dragon (Lair:8)
  A hydra simulacrum (IceCv)
  An iron troll simulacrum (IceCv)
  Duvessa (D:6)
  23 swamp worms
  23 water moccasins
  5 ice beasts
  10 porcupines
  27 orc warriors
  2 sky beasts
  A slave (D:4)
  17 wasps
  7 swamp drakes
  8 black bears
  8 ogres
  A necrophage (D:8)
  A phantom (D:10)
  2 eyes of draining
  10 centaurs
  11 crocodiles
  A big kobold (D:11)
  A gnoll sergeant (D:9)
  20 giant frogs
  A wyvern zombie (D:11)
  Dowan (D:6)
  8 scorpions
  8 wights
  A lava snake (Lair:3)
  4 electric eels
  3 giant frog zombies
  5 crimson imps
  5 draconian simulacra (IceCv)
  5 centaur skeletons
  7 jellies
  8 hounds
  17 orc priests
  8 giant frog skeletons
  8 iguanas
  24 orc wizards
  13 worker ants
  13 sheep
  A spriggan simulacrum (IceCv)
  3 troll simulacra (IceCv)
  A hound zombie (D:5)
  3 worker ant zombies
  8 gnolls
  5 naga simulacra (IceCv)
  78 river rats
  10 adders
  5 shadow imps
  11 white imps
  4 ufetubi (IceCv)
  An ooze (D:3)
  2 adder skeletons
  2 worms
  7 giant geckos
  90 orcs
  6 giant cockroaches
  8 hobgoblins
  15 jackals
  4 quokkas
  6 bats
  7 giant newts
  4 goblins
  11 kobolds
  A quokka zombie (D:6)
  5 rats
  7 briar patches
  A bush (D:9)
  11 fungi
  11 plants
1231 creatures vanquished.

Vanquished Creatures (collateral kills)
  Asterion (Spider:1)
  An orc warlord (Orc:2)
  3 emperor scorpions (Spider:4)
  An entropy weaver (Spider:3)
  Sonja (D:11)
  An orc knight (Orc:2)
  4 orb spiders
  3 wolf spiders
  An orc sorcerer (Orc:2)
  A hornet (Spider:4)
  2 cyclopes (D:12)
  A deep elf mage (D:12)
  A wizard (D:12)
  A griffon (Lair:7)
  2 elephants (Lair:7)
  A guardian serpent (shapeshifter) (D:12)
  2 demonic crawlers (Spider:2)
  A kobold demonologist (D:11)
  9 jumping spiders
  5 tarantellas
  7 redbacks
  A hippogriff (D:12)
  2 yaks (Lair:7)
  A soldier ant (D:12)
  A swamp drake (Swamp:4)
  3 orc warriors (Orc:2)
  A giant frog (Lair:7)
58 creatures vanquished.

Vanquished Creatures (others)
  A wolf spider (Spider:1)
  A basilisk (Lair:8)
  A wasp (Swamp:1)
  A crocodile (D:12)
  A briar patch (Swamp:4)
  12 fungi
  7 plants
24 creatures vanquished.

Grand Total: 1313 creatures vanquished

Notes
Turn   | Place    | Note
--------------------------------------------------------------
     0 | D:1      | Lathuz the Minotaur Berserker began the quest for the Orb.
     0 | D:1      | Reached XP level 1. HP: 19/19 MP: 0/0
   165 | D:1      | Reached skill level 4 in Axes
   182 | D:1      | Reached XP level 2. HP: 20/26 MP: 1/1
   526 | D:1      | You fall through a shaft!
   869 | D:1      | Reached ** piety under Trog
  1035 | D:2      | Found an oddly glowing altar of Pakellas.
  1052 | D:2      | Reached skill level 5 in Axes
  1093 | D:3      | Reached XP level 3. HP: 31/31 MP: 2/2
  1151 | D:3      | Found a snail-covered altar of Cheibriados.
  1187 | D:3      | Reached XP level 4. HP: 39/39 MP: 3/3
  1302 | D:3      | Reached skill level 6 in Axes
  1438 | D:3      | Found a deep blue altar of Sif Muna.
  1474 | D:3      | Found a radiant altar of Vehumet.
  2122 | D:2      | Found a glowing silver altar of Zin.
  3172 | D:4      | Reached XP level 5. HP: 42/45 MP: 4/4
  3174 | D:4      | Reached skill level 7 in Axes
  3276 | D:4      | Reached *** piety under Trog
  3278 | D:4      | Reached skill level 8 in Axes
  3279 | D:4      | Reached XP level 6. HP: 51/51 MP: 5/5
  3787 | D:4      | Reached skill level 9 in Axes
  3927 | D:4      | Noticed a slave
  3927 | D:4      | Noticed a slave
  3928 | D:4      | Noticed Pikel
  3928 | D:4      | Noticed a slave
  3932 | D:4      | Noticed a slave
  3940 | D:4      | Killed a slave
  3941 | D:4      | Killed Pikel
  3941 | D:4      | Reached skill level 11 in Axes
  3941 | D:4      | Reached XP level 7. HP: 57/57 MP: 6/6
  4000 | D:4      | Found an ancient bone altar of Kikubaaqudgha.
  4007 | D:4      | Reached XP level 8. HP: 53/64 MP: 7/7
  4111 | D:4      | Found Umiedgh's Book Emporium.
  4342 | D:5      | Entered Level 5 of the Dungeon
  4623 | D:5      | Reached skill level 12 in Axes
  5126 | D:5      | Found a sparkling altar of Nemelex Xobeh.
  5514 | D:6      | Reached **** piety under Trog
  5790 | D:6      | Noticed Duvessa
  5793 | D:6      | Noticed Dowan
  5798 | D:6      | Killed Duvessa
  5798 | D:6      | Reached skill level 5 in Fighting
  5807 | D:6      | Killed Dowan
  5930 | D:6      | Found a shimmering altar of Xom.
  6380 | D:6      | Reached XP level 9. HP: 51/75 MP: 8/8
  6582 | D:6      | Found a white marble altar of Elyvilon.
  6706 | D:6      | Found a staircase to the Ecumenical Temple.
  6846 | D:6      | Found an iron altar of Okawaru.
  6848 | D:6      | Found a stormy altar of Qazlal.
  7033 | D:7      | Found a burning altar of Makhleb.
  7033 | D:7      | Noticed a blizzard demon
  7040 | D:7      | Noticed a smoke demon
  7361 | D:7      | Found a bloodstained altar of Trog.
  7540 | D:7      | Reached skill level 5 in Armour
  7542 | D:7      | Reached skill level 5 in Dodging
  8007 | D:8      | Noticed Maurice
  8524 | D:9      | Reached XP level 10. HP: 91/91 MP: 9/9
  8530 | D:9      | Found a blossoming altar of Fedhas.
  8718 | D:9      | Reached ***** piety under Trog
  8718 | D:9      | Reached skill level 10 in Fighting
  9240 | D:9      | Noticed a brown ugly thing
  9246 | D:9      | Killed a brown ugly thing
  9673 | D:10     | Entered Level 10 of the Dungeon
  9673 | D:10     | Noticed a hill giant
  9683 | D:10     | Killed a hill giant
  9864 | D:10     | Found Juypuc's Magic Scroll Boutique.
  9864 | D:10     | Noticed a hill giant
  9876 | D:10     | Killed a hill giant
 10520 | D:10     | Noticed Urug
 10520 | D:10     | Noticed a gargoyle
 10589 | D:10     | Reached XP level 11. HP: 97/104 MP: 10/10
 10737 | D:10     | Noticed a hill giant
 10753 | D:10     | Killed a hill giant
 10762 | D:10     | Killed Urug
 11432 | D:11     | Received a gift from Trog
 11435 | D:11     | Reached skill level 13 in Axes
 11495 | D:11     | You fall through a shaft for 2 floors!
 11680 | D:11     | Noticed Grum
 11688 | D:11     | Killed Grum
 11735 | D:11     | Found a staircase to the Lair.
 12039 | D:11     | Killed an unseen horror
 12175 | D:11     | Reached skill level 14 in Axes
 12182 | D:11     | Reached skill level 10 in Armour
 12487 | D:11     | Noticed a hill giant
 12495 | D:11     | Killed a hill giant
 12522 | D:11     | Noticed a hill giant
 12528 | D:11     | Killed a hill giant
 12591 | D:11     | Noticed Sonja
 12665 | D:11     | Noticed a sun demon
 12688 | D:11     | Reached XP level 12. HP: 95/115 MP: 3/11
 12770 | D:11     | Killed Sonja
 13124 | Lair:1   | Entered Level 1 of the Lair of Beasts
 13599 | Lair:1   | Reached skill level 15 in Axes
 14739 | Lair:2   | Noticed Gastronok
 14747 | Lair:2   | Received a gift from Trog
 14765 | Lair:2   | Killed Gastronok
 15086 | Lair:2   | Noticed a six-headed hydra
 15095 | Lair:2   | Killed a 12-headed hydra
 15095 | Lair:2   | Reached skill level 16 in Axes
 16085 | Lair:3   | Found a staircase to the Swamp.
 16296 | Lair:4   | Reached XP level 13. HP: 115/124 MP: 4/12
 17382 | Lair:5   | Received a gift from Trog
 17446 | Lair:5   | Reached skill level 17 in Axes
 17466 | Lair:5   | Reached ****** piety under Trog
 18000 | Lair:5   | Found a snail-covered altar of Cheibriados.
 18585 | Lair:6   | Reached skill level 15 in Fighting
 19045 | Lair:6   | Found a viscous altar of Jiyva.
 19045 | Lair:6   | Found a staircase to the Slime Pits.
 19143 | Lair:6   | Found a hole to the Spider Nest.
 19198 | Lair:6   | Reached skill level 18 in Axes
 19320 | Lair:6   | Received a gift from Trog
 19420 | Lair:6   | Identified the Grimoire of Bewitchment
 19942 | Lair:7   | Reached XP level 14. HP: 122/135 MP: 4/13
 20959 | Lair:8   | Entered Level 8 of the Lair of Beasts
 20967 | Lair:8   | Received a gift from Trog
 21311 | Lair:8   | Reached skill level 19 in Axes
 21876 | Lair:8   | Received a gift from Trog
 23036 | D:12     | Found a staircase to the Orcish Mines.
 23122 | Orc:1    | Entered Level 1 of the Orcish Mines
 23158 | Orc:1    | Received a gift from Trog
 23417 | Orc:1    | Found a bloodstained altar of Trog.
 23519 | Orc:2    | Entered Level 2 of the Orcish Mines
 23521 | Orc:2    | Found Teith's General Store.
 23595 | Orc:2    | Found Ivaiwkab's Assorted Antiques.
 23597 | Orc:2    | Bought a +1 cloak of magic resistance for 247 gold pieces
 23749 | Orc:2    | Found Reiraciosch's Book Boutique.
 23909 | Orc:2    | Found Yfant's Antique Weapon Shop.
 23915 | Orc:2    | Noticed an orc warlord
 23939 | Orc:2    | Killed an orc warlord
 24082 | Orc:2    | Found Lirr's Antique Armour Emporium.
 24091 | Orc:2    | Reached XP level 15. HP: 99/145 MP: 4/14
 24480 | Orc:2    | Found a staircase to the Elven Halls.
 24698 | D:12     | Reached skill level 20 in Axes
 25036 | D:13     | Received a gift from Trog
 25361 | D:13     | Reached skill level 15 in Armour
 25424 | D:13     | Found a gate to the Vaults.
 25685 | D:13     | Noticed Kirke
 25699 | D:13     | Killed Kirke
 25914 | Spider:1 | Entered Level 1 of the Spider Nest
 25914 | Spider:1 | Noticed Asterion
 25923 | Spider:1 | Killed Asterion
 26202 | Spider:1 | Got a fine pewter ring
 26207 | Spider:1 | Identified the ring of the Eagle {+Fly rPois Dex+4 Slay+3} (You found it on level 1 of the Spider Nest)
 26768 | Spider:2 | Received a gift from Trog
 26788 | Spider:2 | Reached skill level 21 in Axes
 28533 | Spider:2 | Reached XP level 16. HP: 153/155 MP: 5/15
 29219 | Spider:2 | Received a gift from Trog
 30025 | Spider:3 | Received a gift from Trog
 30068 | Spider:3 | Reached skill level 22 in Axes
 30439 | Spider:4 | Entered Level 4 of the Spider Nest
 30502 | Spider:4 | Found a frozen archway.
 30513 | IceCv    | Entered an ice cave
 31201 | IceCv    | Noticed an Ice Fiend
 31216 | IceCv    | Killed an Ice Fiend
 32722 | Spider:4 | Received a gift from Trog
 32771 | Spider:4 | Reached XP level 17. HP: 88/166 MP: 0/16
 33166 | Spider:4 | Got a gossamer rune of Zot
 33549 | Lair:5   | Reached skill level 23 in Axes
 33640 | Swamp:1  | Entered Level 1 of the Swamp
 34319 | Swamp:1  | Noticed Frances
 34330 | Swamp:1  | Killed Frances
 34528 | Swamp:1  | Gained mutation: You are partially covered in iridescent scales (AC +4). [potion of beneficial mutation]
 34529 | Swamp:1  | Gained mutation: You are partially covered in rough black scales (AC +4, Dex -1). [potion of beneficial mutation]
 35101 | Swamp:2  | Noticed a tentacled monstrosity
 35107 | Swamp:2  | Killed a tentacled monstrosity
 35994 | Swamp:3  | Received a gift from Trog
 36580 | Swamp:4  | Entered Level 4 of the Swamp
 36936 | Swamp:4  | Noticed Donald
 36950 | Swamp:4  | Killed Donald
 36957 | Swamp:4  | Noticed the 27-headed Lernaean hydra
 36961 | Swamp:4  | Reached skill level 24 in Axes
 36969 | Swamp:4  | HP: 7/168 [the 27-headed Lernaean hydra (11)]
 36969 | Swamp:4  | HP: 1/168 [the 27-headed Lernaean hydra (6)]
 36969 | Swamp:4  | Slain by the 27-headed Lernaean hydra

Vault maps used:
D:1:      scummos_arrival_simple_crosswalls
D:2:      nicolae_overflow_hidden_temple, lemuel_round_altar
D:3:      tgw_sif, lemuel_crystal_altar, old_standard_altar
D:4:      lemuel_coloured_pillars_altar, serial_shops, shop,
          serial_co_window_serial, co_window_corner_a,
          co_window_of_opportunity_a, co_window_paths_b, co_window_paths_a,
          co_window_corner_a, co_window_broadway_b, co_window_corner_cb,
          co_window_2corner, co_window_paths_c, co_window_corner_b,
          co_window_of_opportunity_c, co_window_paths_e, glass_columns_b,
          glass_columns_a, uniq_pikel
D:5:      kennysheep_mini, first_bread
D:6:      marbit_many_paths, nicolae_overflow_crystal_walls,
          gammafunk_temple_overflow_statue, temple_hall, uniq_duvessa
D:7:      kennysheep_little_box, makhleb_altar_promises_db, grunt_livestock
D:8:      st_stairs_2, serial_bayou_crossing, uniq_maurice
D:9:      fedhas_bush_and_centaur_altar
D:10:     serial_shops, shop, uniq_urug
D:11:     erik_lair_orcish_takeover, uniq_sonja, uniq_grum
D:12:     minmay_crescents, hiddenorc2_lemuel
D:13:     grunt_vaults_entry_tiered, uniq_kirke
Lair:1:   beast_lair_carwin_large_4
Lair:2:   lemuel_oklob_altar, serial_bayou_shore_b, uniq_gastronok
Lair:3:   swamp_mist, grunt_megastairs_2
Lair:4:   wad_woods_river_02
Lair:5:   kennysheep_snail_temple, serial_bayou_shore_a, lemuel_fruit_tree
Lair:6:   nicolae_spider_entry_tight_spaces, dpeg_slime_entry_enclosed_altar,
          lab_entry_generic, bobbens_ice_dragon_lair
Lair:7:   beast_lair_carwin_large_3, grunt_megastairs_1, uniq_josephine
Lair:8:   wormcave, guppyfry_lair_end_dragon
Swamp:1:  hangedman_swamp_ruin_wall, uniq_frances
Swamp:2:  nicolae_swamp_very_dense_foliage
Swamp:3:  infiniplex_staircase_pool_2, swamp_pool1
Swamp:4:  grunt_swamp_rune_castle, uniq_donald
Spider:1: uniq_asterion
Spider:2: spiders_nest_scorpion_pit
Spider:3: nicolae_spider_circle_web
Spider:4: spider_rune_water, portal_ice_cave_entry_pillars_02
Orc:1:    bloody_trog
Orc:2:    grunt_orc_gardens, grunt_orc_garden, grunt_orc_garden,
          grunt_orc_garden, grunt_orc_garden, serial_shops, shop
IceCv:    ice_cave_caverns_01

Action                   |  1- 3 |  4- 6 |  7- 9 | 10-12 | 13-15 | 16-18 || total
-------------------------+-------+-------+-------+-------+-------+-------++-------
Melee: Hand axe          |    73 |   132 |   302 |   131 |       |       ||   638
       Unarmed           |       |       |    15 |       |       |       ||    15
       War axe           |       |       |       |   134 |       |       ||   134
       Broad axe         |       |       |       |   325 |       |       ||   325
       Executioner's axe |       |       |       |    63 |  1092 |   743 ||  1898
Invok: Berserk           |     1 |     2 |     4 |    12 |    14 |     6 ||    39
       Burn Spellbooks   |       |       |     3 |     2 |     4 |     5 ||    14
       Brothers in Arms  |       |       |       |     3 |     9 |    12 ||    24
       Trog's Hand       |       |       |       |     2 |     2 |     5 ||     9
  Use: Scroll            |       |     3 |     2 |    15 |    20 |    12 ||    52
       Potion            |       |       |       |       |       |     5 ||     5
 Stab: Distracted        |       |       |       |       |       |     2 ||     2
  Eat: Chunk             |     1 |     6 |    11 |    27 |    25 |     9 ||    79
       Bread ration      |       |     1 |       |     2 |     6 |     2 ||    11
       Meat ration       |       |       |     1 |       |       |       ||     1
       Pizza             |       |       |     1 |     3 |       |     6 ||    10
       Fruit             |       |       |     1 |     1 |       |       ||     2
       Royal jelly       |       |       |       |       |     1 |     1 ||     2
       Beef jerky        |       |       |       |       |     5 |     5 ||    10
